 Dungeon Crawl Stone Soup version 0.30.1-9-gdf580d7c3d (webtiles) character file.

Game seed: 8530970252601587632

1319 tizbic2 the Magician (level 8, -7/39 HPs)
             Began as a Vine Stalker Venom Mage on Sept 25, 2023.
             Was a Believer of the Shining One.
             Mangled by a two-headed ogre
             ... wielding a +0 giant spiked club
              (17 damage)
             ... on level 6 of the Dungeon.
             The game lasted 00:25:27 (4043 turns).

tizbic2 the Magician (Vine Stalker Venom Mage)      Turns: 4043, Time: 00:25:28

Health: -7/39      AC:  6    Str: 12    XL:     8   Next: 59%
Magic:  0/18       EV: 11    Int: 23    God:    the Shining One [**....]
Gold:   294        SH:  7    Dex: 14    Spells: 7/19 levels left

rFire   . . .        k - +2 short sword (elec)
rCold   + . .        (no shield)
rNeg    + . .        t - +2 leather armour {rC+}
rPois   .            (no helmet)
rElec   .            r - +0 cloak
rCorr   .            (no gloves)
SInv    .            (no boots)
Will    +....        (no amulet)
Stlth   +            a - ring of wizardry
HPRegen 1.06/turn    d - +6 ring of intelligence
MPRegen 0.16/turn

%: guardian spirit, wizardry (x1)
@: lethally poisoned (-7 -> -13), divinely shielded, glowing
A: fangs 3, regeneration 1, magic shield, antimagic bite, no potion heal 2
a: Renounce Religion, Divine Shield


You were on level 6 of the Dungeon.
You worshipped the Shining One.
The Shining One was pleased with you.
You visited 2 branches of the dungeon, and saw 7 of its levels.

You collected 294 gold pieces.

Inventory:

Hand Weapons
 i - a +0 hand axe
 k - a +2 short sword of electrocution (weapon)
 y - a +0 broad axe
Missiles
 e - 5 datura-tipped darts
 h - 5 poisoned darts
 m - 4 curare-tipped darts
 p - 6 boomerangs
 s - 6 boomerangs of dispersal
 B - a throwing net
Armour
 f - a +0 scale mail
 n - a +0 plate armour
 r - a +0 cloak (worn)
 t - a +2 leather armour of cold resistance (worn)
Jewellery
 a - a ring of wizardry (left hand)
 d - a +6 ring of intelligence (right hand)
 j - a ring of wizardry
 C - a ring of flight
Wands
 q - a wand of paralysis (12)
Scrolls
 g - 2 scrolls of torment
 l - a scroll of fear
 u - a scroll of fog {unknown}
 v - a scroll of poison
 w - a scroll of identify
 A - a scroll of brand weapon {unknown}
Potions
 b - 2 potions of magic
 c - 2 potions of curing
 o - 2 potions of haste {unknown}
 x - a potion of brilliance {unknown}
 z - 3 potions of lignification {unknown}


   Skills:
 + Level 2.3 Fighting
 - Level 1.5 Dodging
 - Level 2.4 Stealth
 * Level 6.2 Spellcasting
 + Level 2.5 Conjurations
 * Level 4.6 Transmutations
 - Level 1.6 Air Magic
 + Level 5.1 Poison Magic
 + Level 2.4 Invocations


You had 7 spell levels left.
You knew the following spells:

 Your Spells              Type           Power      Damage    Failure   Level
a - Sting                 Tmut/Pois      100%       1d8       1%          1
b - Poisonous Vapours     Pois/Air       44%        N/A       1%          2
c - Olgreb's Toxic Radia  Pois           30%        N/A       5%          4
d - Irradiate             Conj/Tmut      11%        3d15      26%         5

Your spell library contained the following spells:

 Spells                   Type           Power      Damage    Failure   Level
 Mephitic Cloud           Conj/Pois/Air  21%        N/A       3%          3
 Slow                     Hex            28%        N/A       4%          1
 Sublimation of Blood     Necr           7%         N/A       6%          2
 Confusing Touch          Hex            7%         N/A       13%         3
 Vampiric Draining        Necr           7%         2d6       13%         3
 Petrify                  Tmut/Erth      17%        N/A       16%         4


Dungeon Overview and Level Annotations

Branches:
Dungeon (6/15)             Temple (1/1) D:4

Altars:
Ashenzari
Dithmenos
Elyvilon
Fedhas
Gozag
Hepliaklqana
Kikubaaqudgha
Qazlal
Ru
Trog
Uskayaw
Vehumet
Yredelemnul
Zin
The Shining One


Innate Abilities, Weirdness & Mutations

You have razor-sharp teeth.
Your natural rate of healing is unusually fast.
When hurt, damage is shared between your health and your magic reserves.
Your bite disrupts and absorbs the magic of your enemies.
Potions cannot restore your health.


Message History

Confirm with . or Enter, or press ? or * to list all spells.
The spell is quite dangerous to miscast (5% risk of failure)!
Continue anyway?
You begin to radiate toxic energy.
The two-headed ogre looks even sicker.
The water moccasin bites you.
You are poisoned.
The water moccasin poisons you! The water moccasin barely misses you.
You hit the water moccasin but do no damage.
You feel very sick. The water moccasin bites you.
You barely miss the water moccasin.
Your toxic aura wanes.
You feel very sick. The water moccasin barely misses you.
The water moccasin bites you but does no damage.
You hit the two-headed ogre.
The two-headed ogre is moderately wounded.
You feel sick. The water moccasin bites you.
The two-headed ogre closely misses you.
The two-headed ogre hits you with a +0 giant spiked club!
You hit the two-headed ogre but do no damage.
The two-headed ogre is moderately wounded.
You feel sick.
The water moccasin bites you but does no damage.
You feel sick.
The water moccasin bites you but does no damage.
Your magical contamination has completely faded away.
You hit the two-headed ogre. You bite the two-headed ogre. You drain its power.
You feel invigorated.
The two-headed ogre is moderately wounded.
You feel sick. The water moccasin barely misses you.
The two-headed ogre barely misses you. The two-headed ogre misses you.
You feel sick. The water moccasin bites you.
You are more poisoned.
The water moccasin poisons you!
Okay, then.
A divine shield forms around you!
You feel very sick. The water moccasin closely misses you.
The two-headed ogre barely misses you.
The two-headed ogre hits you with a +0 giant spiked club!
You die...

#........###
#.........# #......##
# #.......##..
##...........
#............
#..........#
#...SO........
##..@..####..
###...###.#..
###....#......
##.##..........
##...#....##....
#.........# ..
##.....#..##
##..........
#.....##........###..


You could see a two-headed ogre (poisoned) and a water moccasin.

Vanquished Creatures
  A black bear (D:5)
  An ogre (D:3)
  A phantom (D:5)
  3 scorpions (D:5)
  A wyvern zombie (D:5)
  4 bullfrog zombies (D:5)
  3 hounds
  2 orc priests
  2 jellies
  A gnoll bouda (D:4)
  2 iguanas
  Ijyb (D:3)
  3 orc wizards
  2 sleepcaps
  5 gnolls
  8 adders
  A shadow imp (D:6)
  An ufetubus (D:6)
  An adder zombie (D:5)
  4 worms
  5 dart slugs
  19 orcs
  4 bats
  10 endoplasms
  3 giant cockroaches (D:1)
  5 hobgoblins
  9 jackals
  2 quokkas
  10 ball pythons
  3 frilled lizards
  8 goblins
  8 kobolds
  6 rats
139 creatures vanquished.

Notes
Turn   | Place    | Note
-------+----------+-------------------------------------------
     0 | D:1      | tizbic2 the Vine Stalker Venom Mage began the quest for the
                  | Orb.
     0 | D:1      | Reached XP level 1. HP: 9/9 MP: 4/4
   128 | D:1      | Reached XP level 2. HP: 11/13 MP: 1/6
   438 | D:1      | Found a faded altar of an unknown god.
   441 | D:1      | Prayed at the altar of an unknown god.
   441 | D:1      | Became a worshipper of Elyvilon the Healer
   441 | D:1      | Reached * piety under Elyvilon
   545 | D:1      | Reached XP level 3. HP: 14/16 MP: 2/8
   742 | D:2      | Reached skill level 3 in Spellcasting
   833 | D:2      | Learned a level 2 spell: Poisonous Vapours
   894 | D:2      | You fall into a shaft and drop 2 floors!
   905 | D:4      | Reached ** piety under Elyvilon
   977 | D:4      | Elyvilon protects you from harm!
   982 | D:4      | Gained mutation: Your natural rate of healing is unusually
                  | fast. [Vine Stalker growth]
   982 | D:4      | Reached XP level 4. HP: 9/21 MP: 5/10
  1045 | D:4      | Learned a level 4 spell: Olgreb's Toxic Radiance
  1114 | D:4      | Found a staircase to the Ecumenical Temple.
  1129 | Temple   | Entered the Ecumenical Temple
  1180 | Temple   | Fell from the grace of Elyvilon
  1180 | Temple   | Became a worshipper of the Shining One
  1223 | D:4      | Reached skill level 4 in Spellcasting
  1223 | D:4      | Reached XP level 5. HP: 12/24 MP: 0/12
  1466 | D:4      | Reached skill level 1 in Air Magic
  1585 | D:4      | Reached XP level 6. HP: 28/28 MP: 9/13
  1589 | D:4      | Reached * piety under the Shining One
  2813 | D:3      | Reached skill level 5 in Spellcasting
  2942 | D:3      | Reached skill level 1 in Fighting
  2942 | D:3      | Reached skill level 1 in Conjurations
  2942 | D:3      | Reached skill level 1 in Invocations
  2942 | D:3      | Reached XP level 7. HP: 21/33 MP: 4/15
  3055 | D:3      | Noticed Ijyb
  3063 | D:3      | Killed Ijyb
  3121 | D:5      | Entered Level 5 of the Dungeon
  3555 | D:5      | Reached ** piety under the Shining One
  3564 | D:5      | Gained mutation: You have razor-sharp teeth. [Vine Stalker
                  | growth]
  3564 | D:5      | Reached XP level 8. HP: 33/38 MP: 15/17
  3589 | D:5      | Found a basalt altar of Yredelemnul.
  3647 | D:5      | Reached skill level 6 in Spellcasting
  3679 | D:5      | Reached skill level 5 in Poison Magic
  3693 | D:5      | Learned a level 5 spell: Irradiate
  3862 | D:5      | Found a hazy altar of Hepliaklqana.
  4029 | D:6      | Noticed a two-headed ogre
  4043 | D:6      | Mangled by a two-headed ogre

Illustrated notes

Levels and vault maps discovered:
D:1:      lightli_arrival_maybe_door_vault, layout_rooms,
          chequers_ecumenical_altar_grove, chequers_serial_rivers_micro_b
D:2:      layout_basic
D:3:      layout_loops_corners, minmay_fractal_squares_diagonal_5, uniq_ijyb
D:4:      layout_rooms, minmay_temple_entry_glassed_door, nrook_loot_triangle,
          due_unseen_surprise
D:5:      layout_cave_pools, nicolae_yredelemnul_corpse_copse,
          nicolae_hepliaklqana_hippocampus
D:6:      layout_cave_pools, mainiacjoe_overflow_paths
Temple:   compressed_dpeg_triangle_lava_temple

Skill      XL: |  1  2  3  4  5  6  7  8 |
---------------+-------------------------+-----
Spellcasting   | 3 4 5 6 |  6.2
Transmutations | 2 3 4 |  4.6
Air Magic      | 1 |  1.6
Poison Magic   | 4 5 |  5.1
Fighting       | 1 2 |  2.3
Conjurations   | 1 2 |  2.5
Invocations    | 1 2 |  2.4
Dodging        | |  1.5
Stealth        | |  2.4

Action                     |  1- 3 |  4- 6 |  7- 9 || total
---------------------------+-------+-------+-------++-------
  Melee: Dagger            |    56 |       |       ||    56
         Bite              |    26 |    23 |    34 ||    83
         Hand axe          |    12 |    10 |       ||    22
         Short sword       |       |    71 |    88 ||   159
         Punch             |       |     2 |       ||     2
   Cast: Sting             |    34 |    16 |    10 ||    60
         Poisonous Vapours |     8 |    20 |     6 ||    34
         Olgreb's Toxic Ra |       |     9 |     7 ||    16
 Invoke: Divine Shield     |       |       |     1 ||     1
    Use: Scroll            |     1 |     3 |     2 ||     6
 Armour: Robe              |     4 |     3 |       ||     7
         Scale mail        |     5 |       |       ||     5
         Ring mail         |       |    18 |       ||    18
         Leather armour    |       |     6 |    39 ||    45
  Dodge: Dodged            |    50 |    48 |    68 ||   166
